 Dungeon Crawl Stone Soup version 0.26.1-11-gd32895ea62 (webtiles) character file.

Game seed: 8367315361910562802

10457 hawla the Frost Mage (level 11, -13/89 HPs)
             Began as a White Draconian Conjurer on May 9, 2021.
             Was a Priest of Vehumet.
             Killed from afar by Fannar (16 damage)
             ... with a bolt of cold
             ... on level 11 of the Dungeon on May 10, 2021.
             The game lasted 00:47:56 (14201 turns).

hawla the Frost Mage (White Draconian Conjurer)    Turns: 14201, Time: 00:47:57

Health: -13/89     AC: 12    Str: 10    XL:     11   Next: 36%
Magic:  0/22       EV: 12    Int: 28    God:    Vehumet [***...]
Gold:   380        SH:  0    Dex:  9    Spells: 9/24 levels left

rFire    + . .     SeeInvis .   C - +1 whip (flame)
rCold    + . .     Faith    .   (no shield)
rNeg     . . .     Spirit   .   (armour unavailable)
rPois    .         Reflect  .   (helmet restricted)
rElec    .         Harm     .   u - +0 cloak
rCorr    .         Rampage  .   t - +2 pair of gloves
Will     .....                  B - +0 pair of boots
Stlth    ++........             h - amulet of magic regeneration
HPRegen  0.24/turn              g - +6 ring of intelligence
MPRegen  0.43/turn              F - ring of protection from fire

@: no status effects
A: breathe frost, unfitting armour, cold resistance 1, wild magic 1,
cold-blooded, MP-powered wands, AC +7
a: Breathe Frost, Renounce Religion


You were on level 11 of the Dungeon.
You worshipped Vehumet.
Vehumet was most pleased with you.
You visited 2 branches of the dungeon, and saw 12 of its levels.

You collected 705 gold pieces.
You spent 325 gold pieces at shops.

Inventory:

Hand Weapons
 C - a +1 whip of flaming (weapon)
Missiles
 b - 51 poisoned darts
 r - 4 silver javelins
 v - 5 curare-tipped darts
 w - 13 javelins
 y - 7 boomerangs
Armour
 t - a +2 pair of gloves (worn)
 u - a +0 cloak (worn)
 B - a +0 pair of boots (worn)
Magical Staves
 I - an uncursed staff of air
Jewellery
 g - a +6 ring of intelligence (left hand)
 h - an amulet of magic regeneration (around neck)
 F - a ring of protection from fire (right hand)
Wands
 p - a wand of iceblast (14)
 s - a wand of flame (5)
 x - a wand of enslavement (17)
 L - a wand of disintegration (10)
Scrolls
 c - 2 scrolls of magic mapping
 d - 4 scrolls of amnesia
 i - 2 scrolls of blinking {unknown}
 j - 7 scrolls of remove curse {unknown}
 o - 6 scrolls of enchant weapon {unknown}
 q - a scroll of fog
 z - a scroll of vulnerability {unknown}
 A - a scroll of fear {unknown}
 D - 2 scrolls of teleportation
 E - a scroll of immolation {unknown}
 G - a scroll of acquirement {unknown}
 J - 2 scrolls of enchant armour {unknown}
Potions
 a - 2 potions of flight
 e - a potion of cancellation
 f - 5 potions of might
 k - a potion of degeneration
 l - 6 potions of curing
 m - 2 potions of haste
 n - a potion of brilliance
 H - a potion of attraction
 K - a potion of ambrosia


   Skills:
 + Level 5.6 Fighting
 + Level 3.9 Staves
 - Level 1.0 Throwing
 - Level 2.0 Dodging
 - Level 2.0 Stealth
 - Level 2.0 Shields
 + Level 7.3 Spellcasting
 + Level 9.4 Conjurations
 + Level 7.4 Translocations
 + Level 9.4 Ice Magic
 - Level 2.0 Air Magic
 + Level 3.9 Evocations


You had 9 spell levels left.
You knew the following spells:

 Your Spells              Type           Power        Failure   Level
a - Magic Dart            Conj           100%         1%          1
b - Searing Ray           Conj           100%         1%          2
c - Iskenderun's Mystic   Conj/Tloc      65%          1%          4
d - Hailstorm             Conj/Ice       70%          1%          4
e - Apportation           Tloc           100%         1%          1
f - Frozen Ramparts       Ice            100%         1%          3

Your spell library contained the following spells:

 Spells                   Type           Power        Failure   Level
 Freeze                   Ice            100%         1%          1
 Dazzling Flash           Conj/Hex       94%          1%          3
 Fulminant Prism          Conj/Hex       23%          3%          4
 Animate Skeleton         Necr           26%          9%          1
 Corona                   Hex            14%          9%          1
 Summon Small Mammal      Summ           52%          9%          1


Dungeon Overview and Level Annotations

Branches:
Dungeon (11/15)            Temple (1/1) D:5            Lair (0/6) D:8
    Orc (0/2) D:10

Altars:
Ashenzari
Cheibriados
Dithmenos
Elyvilon
Fedhas
Gozag
Hepliaklqana
Kikubaaqudgha
Makhleb
Nemelex Xobeh
Okawaru
Qazlal
Ru
Sif Muna
Trog
Uskayaw
Vehumet
Wu Jian
Xom
Yredelemnul
Zin
The Shining One

Shops:
D:7 [   D:11 *

Annotations:
D:11 Fannar


Innate Abilities, Weirdness & Mutations

You can breathe waves of freezing cold.
You can buffet flying creatures when you breathe cold.
Your icy white scales are hard. (AC +7)
You cannot fit into any form of body armour.
Your flesh is cold resistant. (rC+)
You are cold-blooded and may be slowed by cold attacks.
Your spells are a little harder to cast, but a little more powerful.
You expend magic power (3 MP) to strengthen your wands.


Message History

Casting: Iskenderun's Mystic Blast (mildly dangerous; 1% risk of failure)
Confirm with . or Enter, or press ? or * to list all spells.
You erupt in a blast of force!
The mystic blast hits Fannar.
Fannar is almost dead.
Fannar is knocked back by the mystic blast.
Fannar slams into the rock wall!
Aiming: Disintegrate
Press: ? - help, Shift-Dir - straight line, f/p - Fannar
Aim: Fannar, wielding a +0 quarterstaff of freezing, wearing a +2 robe of cold resistance and wearing an uncursed ring of ice (almost dead, covered in an icy film, chance to affect: 32%)
You feel a slight surge of power.
Fannar easily resists.
Aiming: Throw Flame
Press: ? - help, Shift-Dir - straight line, f/p - Fannar
Aim: Fannar, wielding a +0 quarterstaff of freezing, wearing a +2 robe of cold resistance and wearing an uncursed ring of ice (almost dead, covered in an icy film, 43% to evade)
You feel a slight surge of power.
The puff of flame hits Fannar but does no damage.
The heat melts Fannar's icy armour.
Fannar is almost dead.
Fannar casts a spell at you. The bolt of cold hits you! You resist.
You die...

#.. #. #.# #.# #.. #)#
#.# #.# ##.#
#######.##
##.#.##.e@.....#
#.####.###.#.#####..##
#.....## ##...e.$†....
######.###............
##.#...#....##>##
##.##.$.#### #####.##
#.# #$#


You could see Fannar (icy armour).

Vanquished Creatures
  Harold (D:7)
  The ghost of Zellion the Basher, a novice OgBe of Trog (D:7)
  2 unseen horrors
  Pikel (D:7)
  An ugly thing (D:10)
  3 centaur zombies
  A centaur skeleton (D:8)
  A queen bee (D:7)
  A hornet (D:7)
  A troll (D:11)
  A wyvern (D:8)
  A wraith (D:7)
  A basilisk (D:11)
  A steam dragon (D:10)
  A hornet zombie (D:10)
  3 black bears
  4 ice beasts
  3 phantoms
  A necrophage (D:10)
  7 ogres
  2 centaurs
  3 lemures (D:7)
  5 bullfrogs (D:8)
  A gnoll sergeant (D:7)
  3 scorpions
  11 wights
  10 killer bees
  9 howler monkeys
  5 human zombies (D:7)
  A bullfrog zombie (D:7)
  2 jellies
  4 orc priests
  8 hounds
  A bullfrog skeleton (D:5)
  Jessica (D:2)
  A human skeleton (D:7)
  3 iguanas
  10 worker ants
  13 orc wizards
  2 ogre skeletons (D:7)
  A hound zombie (D:7)
  5 mummies
  A howler monkey zombie (D:8)
  2 worker ant zombies (D:8)
  2 howler monkey skeletons
  11 gnolls
  9 adders
  2 shadow imps
  4 white imps
  An adder zombie (D:7)
  2 oozes
  2 worms
  2 dart slugs
  2 leopard geckos
  31 orcs
  8 ball pythons
  5 giant cockroaches
  10 goblins
  9 hobgoblins
  10 jackals
  2 quokkas
  2 bats
  3 frilled lizards
  A jackal skeleton (D:4)
  8 kobolds
  3 leopard gecko skeletons
  An orc zombie (D:7)
  12 rats
282 creatures vanquished.

Vanquished Creatures (others)
  3 withered plants (D:10)
3 creatures vanquished.

Grand Total: 285 creatures vanquished

Notes
Turn   | Place    | Note
-------+----------+-------------------------------------------
     0 | D:1      | hawla the Draconian Conjurer began the quest for the Orb.
     0 | D:1      | Reached XP level 1. HP: 14/14 MP: 3/3
   163 | D:1      | Reached XP level 2. HP: 7/22 MP: 1/5
  1062 | D:1      | Learned a level 2 spell: Searing Ray
  1255 | D:1      | Reached XP level 3. HP: 26/27 MP: 2/6
  1390 | D:2      | Gained mutation: You expend magic power (3 MP) to
                  | strengthen your wands. [potion of mutation]
  1390 | D:2      | Gained mutation: Your spells are a little harder to cast,
                  | but a little more powerful. [potion of mutation]
  1495 | D:2      | Reached skill level 1 in Fighting
  1649 | D:2      | Noticed Jessica
  1664 | D:2      | Killed Jessica
  1665 | D:2      | Reached skill level 1 in Staves
  1665 | D:2      | Reached skill level 1 in Shields
  1665 | D:2      | Reached skill level 1 in Translocations
  1665 | D:2      | Reached XP level 4. HP: 19/35 MP: 1/7
  1670 | D:2      | Learned a level 4 spell: Iskenderun's Mystic Blast
  1680 | D:2      | Reached skill level 1 in Throwing
  2702 | D:3      | Reached XP level 5. HP: 40/40 MP: 6/9
  3005 | D:3      | Noticed an ogre
  3045 | D:3      | HP: 2/40 [ogre/+0 giant club (17)]
  3501 | D:3      | Found a stormy altar of Qazlal.
  3502 | D:3      | Found a bloodstained altar of Trog.
  3809 | D:3      | Killed an ogre
  3810 | D:3      | Reached skill level 5 in Conjurations
  3929 | D:4      | Reached XP level 6. HP: 47/47 MP: 5/10
  4087 | D:4      | Reached skill level 1 in Evocations
  4281 | D:4      | Your scales start taking on an icy white colour.
  4281 | D:4      | Reached XP level 7. HP: 44/55 MP: 7/12
  4281 | D:4      | Gained mutation: Your flesh is cold resistant. (rC+) [White
                  | Draconian growth]
  5412 | D:5      | Entered Level 5 of the Dungeon
  5740 | D:5      | Reached skill level 1 in Ice Magic
  5782 | D:5      | Reached XP level 8. HP: 62/62 MP: 10/14
  6182 | D:5      | Found a staircase to the Ecumenical Temple.
  6191 | Temple   | Entered the Ecumenical Temple
  6306 | Temple   | Became a worshipper of Vehumet
  7318 | D:7      | Reached skill level 5 in Spellcasting
  7318 | D:7      | Reached skill level 5 in Translocations
  7368 | D:7      | Found Diatwyugev's Antique Armour Boutique.
  7394 | D:7      | Bought an embroidered scarf for 208 gold pieces
  7394 | D:7      | Bought a pair of boots for 117 gold pieces
  7403 | D:7      | Noticed Pikel
  7450 | D:7      | Killed Pikel
  7451 | D:7      | Reached XP level 9. HP: 17/69 MP: 2/16
  7723 | D:7      | Noticed Zellion's ghost (novice OgBe)
  7727 | D:7      | Found a transporter.
  7730 | D:7      | Found a transporter.
  7856 | D:7      | Reached * piety under Vehumet
  7856 | D:7      | Offered knowledge of Freeze by Vehumet.
  8073 | D:6      | Learned a level 1 spell: Freeze
  8168 | D:7      | Noticed Harold
  8188 | D:7      | Found an ancient bone altar of Kikubaaqudgha.
  8374 | D:7      | Killed Harold
  8522 | D:7      | Killed an unseen horror
  8523 | D:7      | Reached skill level 5 in Ice Magic
  8775 | D:7      | Reached XP level 10. HP: 78/78 MP: 15/19
  9004 | D:7      | Found an ancient bone altar of Kikubaaqudgha.
  9538 | D:8      | Identified the +1 robe of Tenacity {Str+2}
  9640 | D:8      | Found a staircase to the Lair.
  9786 | D:8      | Offered knowledge of Sandblast by Vehumet.
  9847 | D:8      | Reached ** piety under Vehumet
 10364 | D:8      | Reached skill level 5 in Fighting
 10499 | D:8      | Found an opulent altar of Gozag.
 10504 | D:8      | Learned a level 1 spell: Apportation
 11758 | D:9      | Offered knowledge of Frozen Ramparts by Vehumet.
 11763 | D:9      | Learned a level 3 spell: Frozen Ramparts
 12146 | D:10     | Entered Level 10 of the Dungeon
 12266 | D:10     | Killed an unseen horror
 12266 | D:10     | Reached *** piety under Vehumet
 12430 | D:10     | Noticed a brown ugly thing
 12441 | D:10     | Killed a brown ugly thing
 12461 | D:10     | Reached XP level 11. HP: 75/86 MP: 18/21
 12554 | D:10     | Found a staircase to the Orcish Mines.
 12622 | D:10     | Reached skill level 1 in Air Magic
 13138 | D:10     | Offered knowledge of Hailstorm by Vehumet.
 13146 | D:10     | Learned a level 4 spell: Hailstorm
 13784 | D:7      | Killed Zellion's ghost
 14052 | D:11     | Found Goruehoh's Pet Rocks.
 14161 | D:11     | Noticed Fannar
 14189 | D:11     | HP: 4/89 [Fannar/+0 quarterstaff of freezing (6)]
 14195 | D:11     | HP: 1/89 [Fannar/bolt of cold (10)]
 14201 | D:11     | Killed from afar by Fannar

Illustrated notes

Levels and vault maps discovered:
D:1:      dpeg_arrival_rooms_with_view, layout_rooms
D:2:      layout_rooms, hangedman_abyss_or_decor_stabs, minmay_snake_closets,
          uniq_jessica
D:3:      layout_basic, gammafunk_temple_overflow_pools
D:4:      layout_cave_pods, minmay_joined_circles
D:5:      layout_loops_ring, minmay_temple_entry_poolview
D:6:      layout_rooms
D:7:      layout_loops_ring, lemuel_mausoleum_altar_kikubaaqudgha, serial_shops,
          kennysheep_mini_moat, basic_altar, gammafunk_ghost_hive,
          grunt_tough_drop, uniq_pikel, uniq_harold
D:8:      layout_basic, lemuel_coloured_pillars_altar, nrook_mini_backslash,
          amcnicky_mini_corridor_feature
D:9:      layout_loops_corners
D:10:     layout_irregular_city, erik_orc_3, serial_undead, serial_undead_b,
          serial_undead_e, serial_undead_a, serial_undead_f,
          minmay_misc_feat_roman, grunt_decor_arrowhead
D:11:     layout_loops_ring, guppyfry_shop_earth, uniq_fannar, uniq_nergalle,
          uniq_erolcha
Temple:   compressed_dpeg_circular_temple

Skill      XL: |  1  2  3  4  5  6  7  8  9 10 11 |
---------------+----------------------------------+-----
Stealth        | 2 |  2.0
Fighting       | 1 2 3 4 5 |  5.6
Dodging        | 2 |  2.0
Staves         | 1 2 3 |  3.9
Shields        | 1 2 |  2.0
Translocations | 1 2 3 4 5 6 7 |  7.4
Throwing       | 1 |  1.0
Spellcasting   | 3 4 5 6 7 |  7.3
Conjurations   | 5 6 8 9 |  9.4
Evocations     | 1 2 3 |  3.9
Ice Magic      | 1 3 5 9 |  9.4
Air Magic      | 2 |  2.0

Action                   |  1- 3 |  4- 6 |  7- 9 | 10-12 || total
-------------------------+-------+-------+-------+-------++-------
Melee: Unarmed           |    53 |    78 |    63 |       ||   194
       Tailslap          |     3 |     3 |     3 |    16 ||    25
       Whip              |       |       |     7 |   117 ||   124
       Staff             |       |       |       |    76 ||    76
 Cast: Magic Dart        |    49 |    24 |    19 |     6 ||    98
       Searing Ray       |     8 |    33 |    48 |    46 ||   135
       Iskenderun's Myst |       |     9 |    37 |    82 ||   128
       Freeze            |       |       |     2 |       ||     2
       Frozen Ramparts   |       |       |       |     4 ||     4
Evoke: Wand              |       |       |     3 |     2 ||     5
  Use: Scroll            |     6 |     5 |     5 |     7 ||    23
       Potion            |     2 |     1 |     5 |     4 ||    12
 Stab: Distracted        |       |       |       |     1 ||     1
Armor: Skin              |    20 |    56 |    75 |   136 ||   287
Dodge: Dodged            |    72 |    82 |    78 |   164 ||   396
